 Dungeon Crawl Stone Soup version 0.28-a0-474-g535839065c (webtiles) character file.

Game seed: 17263630725928969583

233 Squid the Cudgeller (level 5, 0/42 HPs)
             Began as a Demonspawn Berserker on Sept 15, 2021.
             Was a Believer of Trog.
             Slain by an orc wizard (4 damage)
             ... on level 3 of the Dungeon.
             The game lasted 00:07:23 (3425 turns).

Squid the Cudgeller (Demonspawn Berserker)          Turns: 3425, Time: 00:07:24

Health: 0/42       AC:  9    Str: 19    XL:     5   Next: 74%
Magic:  5/5        EV:  8    Int:  8    God:    Trog [**....]
Gold:   14         SH:  0    Dex: 12    Spells: 4/4 levels left

rFire   . . .      SeeInvis .   a - +0 mace
rCold   . . .      Faith    .   (no shield)
rNeg    . . .      Spirit   .   h - +1 chain mail
rPois   .          Reflect  .   (no helmet)
rElec   .          Harm     .   (no cloak)
rCorr   .          Rampage  .   (no gloves)
Will    .....                   (no boots)
Stlth   ..........              (no amulet)
HPRegen 0.14/turn               (no ring)
MPRegen 0.09/turn               (no ring)

@: mighty, on berserk cooldown, slowed, very slow
A: ignite blood 1, powered by death 2
a: Renounce Religion, Berserk, Trog's Hand


You were on level 3 of the Dungeon.
You worshipped Trog.
Trog was pleased with you.
You visited 1 branch of the dungeon, and saw 3 of its levels.

You collected 74 gold pieces.
You spent 60 gold pieces at shops.

Inventory:

Hand Weapons
 a - a +0 mace (weapon)
Armour
 h - a +1 chain mail (worn)
Scrolls
 b - a scroll of immolation
 d - 2 scrolls of fog
Potions
 e - a potion of might


   Skills:
 + Level 3.7 Fighting
 * Level 4.8 Maces & Flails
 + Level 2.5 Armour
 + Level 2.4 Dodging
 - Level 0.3 Stealth


You had 4 spell levels left.
You didn't know any spells.
Your spell library was empty.

Dungeon Overview and Level Annotations

Branches:
Dungeon (3/15)

Altars:
Ashenzari
Gozag
Ru
Vehumet

Shops:
D:3 *


Innate Abilities, Weirdness & Mutations

Your demonic aura sometimes causes spilled blood to erupt in flames.
You regenerate health from kills.


Message History

You hit the orc.
The orc is almost dead.
The adder barely misses you. The orc hits you but does no damage.
You barely miss the orc.
The orc is almost dead.
Something hits you but does no damage. The adder bites you but does no damage.
The orc hits you but does no damage.
Your chain mail prevents you from hitting the orc.
The orc is almost dead.
The adder bites you but does no damage. Something hits you but does no damage.
The orc barely misses you.
You sock the orc!
You kill the orc!
Trog accepts your kill. The adder barely misses you.
You hear some strange, mumbled words.
Something tries to affect you, but you resist.
The adder bites you but does no damage.
Things that are here:
a +0 hand axe; a +0 flail; an orc corpse You feel a strong urge to attack something.
You hear some strange, mumbled words.
A magic dart appears from out of thin air!
The magic dart hits you.
* * * LOW HITPOINT WARNING * * *
You sock the adder!
You kill the adder!
Trog accepts your kill. Something hits you but does no damage.
You are no longer berserk.
You are exhausted.
You feel yourself slow down.
You see here an adder corpse.
You hear some strange, mumbled words.
A magic dart appears from out of thin air!
The magic dart hits you.
* * * LOW HITPOINT WARNING * * *
Something hits you but does no damage. Something hits you.
You die...

.########># #.# .#
#.# .# #.# .# #.# .#
#.# ## #.# # #(#
#######.# #######
#.$..@{.## ##..PP.##
#.....†))#
##..P....###.######.#
#.P.P.....## #.#
############.# #.#
.............# #.#
#####)#####..# #.#
#..P#)#...# #.#
##..#)#..## ...


There were no monsters in sight!

Vanquished Creatures
  A sky beast (D:3)
  Crazy Yiuf (D:2)
  3 adders
  2 dart slugs (D:2)
  8 orcs (D:3)
  7 endoplasms
  3 giant cockroaches
  6 goblins
  4 hobgoblins
  3 jackals (D:2)
  3 quokkas (D:3)
  3 ball pythons
  6 bats
  3 frilled lizards
  12 kobolds
  4 rats
69 creatures vanquished.

Notes
Turn   | Place    | Note
-------+----------+-------------------------------------------
     0 | D:1      | Squid the Demonspawn Berserker began the quest for the Orb.
     0 | D:1      | Reached XP level 1. HP: 18/18 MP: 1/1
   157 | D:1      | Reached skill level 3 in Maces & Flails
   232 | D:1      | Gained mutation: You regenerate a little health from kills.
                  | [demonic ancestry]
   232 | D:1      | Reached XP level 2. HP: 16/24 MP: 2/2
   584 | D:1      | Found a faded altar of an unknown god.
  1195 | D:2      | Gained mutation: Your demonic aura sometimes causes spilled
                  | blood to erupt in flames. [demonic ancestry]
  1195 | D:2      | Reached XP level 3. HP: 23/29 MP: 3/3
  1423 | D:2      | Reached ** piety under Trog
  2045 | D:2      | Found a runed translucent door.
  2046 | D:2      | Noticed Crazy Yiuf
  2478 | D:2      | Killed Crazy Yiuf
  2479 | D:2      | Reached skill level 4 in Maces & Flails
  2479 | D:2      | Reached XP level 4. HP: 31/35 MP: 1/4
  2669 | D:3      | Noticed a sky beast
  2692 | D:3      | Killed a sky beast
  2693 | D:3      | Gained mutation: You regenerate health from kills. [demonic
                  | ancestry]
  2693 | D:3      | Reached XP level 5. HP: 19/42 MP: 5/5
  2810 | D:3      | Found Tasiam's Assorted Antiques.
  2818 | D:3      | Bought a scroll labelled ABAATATHUICH for 30 gold pieces
  2818 | D:3      | Bought a scroll labelled EFOTREVVI for 30 gold pieces
  2846 | D:3      | Found a broken altar of Ashenzari.
  2846 | D:3      | Found an opulent altar of Gozag.
  2857 | D:3      | Found a radiant altar of Vehumet.
  2859 | D:3      | Found a faded altar of an unknown god.
  2861 | D:3      | Found a sacrificial altar of Ru.
  3425 | D:3      | Slain by an orc wizard

Illustrated notes

Levels and vault maps discovered:
D:1:      lightli_molten_gateway, layout_loops_ring,
          shapermc_ecumenical_altar_acropolis, minmay_tromino_v2
D:2:      layout_rooms, uniq_crazy_yiuf_cottage
D:3:      layout_loops_ring, chequers_temple_overflow_minitemple,
          serial_aquarium, aquarium_bridge_square [aquarium_subvault_wall,
          aquarium_subvault_bridge, aquarium_subvault_bridge,
          aquarium_subvault_bridge], aquarium_window_3, aquarium_window_2,
          aquarium_view_2b, aquarium_view_2c, serial_shops, shop,
          chequers_serial_rivers_micro_c

Skill      XL: |  1  2  3 |
---------------+----------+-----
Maces & Flails | 3 4 |  4.8
Dodging        | 2 |  2.4
Armour         | 2 |  2.5
Fighting       | |  3.7
Stealth        | |  0.3

Action                   |  1- 3 |  4- 6 || total
-------------------------+-------+-------++-------
Melee: Mace              |   134 |    92 ||   226
Invok: Berserk           |     2 |     1 ||     3
       Trog's Hand       |     1 |     2 ||     3
  Use: Scroll            |     6 |     4 ||    10
       Potion            |       |     5 ||     5
Armor: Animal skin       |     2 |       ||     2
       Leather armour    |    65 |       ||    65
       Chain mail        |       |   118 ||   118
Dodge: Dodged            |   116 |    65 ||   181

Table legend: (Time is in decaauts)
 A = Elapsed time spent in this place.
 B = Non-inter-level travel time spent in this place.
 C = Inter-level travel time spent in this place.
 D = Time resting spent in this place.
 E = Time spent auto-exploring this place.
 F = Levels seen in this place.
 G = Mean time per level.
                   A        B        C        D        E       F      G
               +--------+--------+--------+--------+--------+-----+--------+
         Total |   3500 |   3477 |     23 |    264 |   2379 |   3 | 1166.7 |
       Dungeon |   3500 |   3477 |     23 |    264 |   2379 |   3 | 1166.7 |
               +--------+--------+--------+--------+--------+-----+--------+

Top non-repeatable levels by time:
     D:2: 1387 daAuts
     D:1: 1187 daAuts
     D:3: 925 daAuts
